 Dungeon Crawl Stone Soup version 0.28.0 (webtiles) character file.

Game seed: 8459555510023891010

7 AmazingTV the Stinger (level 1, 0/9 HPs)
             Began as a Spriggan Venom Mage on July 26, 2022.
             Slain by a kobold (4 damage)
             ... on level 1 of the Dungeon.
             The game lasted 00:02:04 (181 turns).

AmazingTV the Stinger (Spriggan Venom Mage)          Turns: 181, Time: 00:02:04

Health: 0/9        AC:  2    Str:  4    XL:     1   Next: 83%
Magic:  1/5        EV: 17    Int: 16    God:
Gold:   0          SH:  0    Dex: 15    Spells: 4/5 levels left

rFire   . . .      SeeInvis +   (weapon restricted)
rCold   . . .      Faith    .   (no shield)
rNeg    . . .      Spirit   .   a - +0 robe
rPois   .          Reflect  .   (helmet restricted)
rElec   .          Harm     .   (no cloak)
rCorr   .          Rampage  .   (gloves unavailable)
Will    .....                   (boots unavailable)
Stlth   ++........              (no amulet)
HPRegen 0.03/turn               (no ring)
MPRegen 0.09/turn               (no ring)

@: very quick
A: very small, no large weapons, unfitting armour, see invisible, speed 3
a: no special abilities


You were on level 1 of the Dungeon.
You visited 1 branch of the dungeon, and saw 1 of its levels.


Innate Abilities, Weirdness & Mutations

You are very small and have problems with some larger weapons.
You are too small for most types of armour.
You have supernaturally acute eyesight. (SInv)
You cover ground extremely quickly. (Speed+++)


   Skills:
 + Level 2.9 Dodging
 - Level 3.0 Stealth
 + Level 2.9 Spellcasting
 + Level 1.7 Transmutations
 + Level 3.1 Poison Magic


You had 4 spell levels left.
You knew the following spells:

 Your Spells              Type           Power      Damage    Failure   Level
a - Sting                 Tmut/Pois      40%        1d5       7%          1

Your spell library contained the following spells:

 Spells                   Type           Power      Damage    Failure   Level
 Poisonous Vapours        Pois/Air       14%        N/A       16%         2
 Mephitic Cloud           Conj/Pois/Air  5%         N/A       36%         3
 Olgreb's Toxic Radiance  Pois           12%        N/A       45%         4

Inventory:

Missiles
 c - 15 bolts
Armour
 a - a +0 robe (worn)
Potions
 b - a potion of berserk rage {unknown}
 d - a potion of flight {unknown}

Dungeon Overview and Level Annotations

Branches:
Dungeon (1/15)

Altars:

#...............
#.#######.######
#.# #.###### #.#
#.#..... #.#
#.#.#... #.#
#.#..... ##.#
####.#...##
##K.#.....#.#...#.
#@gB).# #...#.
#g###.# ##'##' #.#
8B# #...#. #.# g8.
#...#. #...8...##
#...#. ##.##.8#!
#...## .# ###
#..... .# #.#...
.. #.....


You could see a giant cockroach, 2 goblins and a kobold.


Message History

There is an open door here.
You open the door.
There is an open door here.
You open the door.
There is an open door here.
You open the door.
There is an open door here.
b - a purple potion You open the door.
There is an open door here.
You open the door.
There is an open door here.
You open the door.
There is an open door here.
You open the door.
There is an open door here.
You open the door.
There is an open door here.
c - 15 bolts
Found a stone staircase leading down.
d - a fuming coppery potion A dart slug comes into view.
No other quiver actions available for cycling.
A ball python comes into view.
Aiming: Sting (safe; 8% risk of failure)
Press: ? - help, Q - select action Shift-Dir - straight line, f - ball python
Aim: a ball python (asleep, 100% to hit)
You miscast Sting.
You are very lightly contaminated with residual magic.
Nothing appears to happen.
The ball python hisses angrily. 😎 MP[-1]
You lost 1 mp, and now have 4/5 mp.
There is a stone staircase leading down here.
Aiming: Sting (safe; 8% risk of failure)
Press: ? - help, Q - select action Shift-Dir - straight line, f/p - ball python
Aim: a ball python (64% to hit)
The sting hits the ball python.
The ball python is poisoned.
You kill the ball python! 😎 MP[-1]
You lost 1 mp, and now have 3/5 mp.
Aiming: Sting (safe; 8% risk of failure)
Press: ? - help, Q - select action Shift-Dir - straight line
Okay, then.
Unknown command.
Your magical contamination has completely faded away.
The sting hits the dart slug.
The dart slug is poisoned. 😎 MP[-1]
You lost 1 mp, and now have 2/5 mp. 😎 MP[+1]
The sting hits the dart slug but does no damage.
The dart slug looks even sicker. 😎 MP[-1]
You lost 1 mp, and now have 2/5 mp.
A dart slug is nearby!
You kill the dart slug! 2 goblins come into view. 😎 MP[+3]
Your mp is fully restored (5).
The goblin shouts! x2
A goblin comes into view. It is wielding a +0 dagger.
You hear a shout!
The sting hits the goblin.
The goblin is poisoned.
A giant cockroach comes into view. 😎 MP[-1]
You lost 1 mp, and now have 4/5 mp.
A kobold comes into view. It is wielding a +0 short sword.
A hobgoblin comes into view.
You kill the goblin!
The kobold throws a stone.
The stone misses you.
The sting misses the hobgoblin. 😎 MP[-1]
You lost 1 mp, and now have 3/5 mp.
The sting hits the hobgoblin.
The hobgoblin is poisoned.
The hobgoblin misses you. 😎 MP[-1]
You lost 1 mp, and now have 2/5 mp.
The goblin shouts!
The goblin closely misses you.
The sting misses the kobold.
The goblin completely misses you. The kobold closely misses you. 😎 MP[-1]
You lost 1 mp, and now have 1/5 mp.
You hit the kobold but do no damage.
You kill the hobgoblin!
The goblin barely misses you. The kobold misses you.
Aiming: Sting (safe; 7% risk of failure)
Press: ? - help, Q - select action Shift-Dir - straight line, f/p - kobold
Aim: a kobold, wielding a +0 short sword and quivering stones (64% to hit)
The sting misses the kobold.
The goblin hits you with a +0 dagger. The kobold misses you. 😕 HP[-1] MP[-1]
You take 1 damage, and now have 8/9 hp.
You lost 1 mp, and now have 0/5 mp.
You barely miss the kobold. The goblin misses you.
The goblin closely misses you. The kobold misses you. 😕 MP[+1]
You barely miss the kobold.
The goblin hits you with a +0 dagger. x2
* * * LOW HITPOINT WARNING * * *
The kobold hits you with a +0 short sword.
You die...

Action                   || total
-------------------------++-------
Melee: Unarmed           ||     3
 Cast: Sting             ||     8
Dodge: Dodged            ||    11

Levels and vault maps discovered:
D:1:      minmay_arrival_widening_spiral_wide, layout_basic,
          shapermc_ecumenical_altar_mp_highgroup, minmay_heptomino_o4

Notes
Turn   | Place    | Note
-------+----------+-------------------------------------------
     0 | D:1      | AmazingTV the Spriggan Venom Mage began the quest for the
                  | Orb.
     0 | D:1      | Reached XP level 1. HP: 9/9 MP: 5/5
     0 | D:1      | magus.rc [v1.9.6]
   181 | D:1      | Slain by a kobold

Vanquished Creatures
  A dart slug (D:1)
  A ball python (D:1)
  A goblin (D:1)
  A hobgoblin (D:1)
4 creatures vanquished.

Table legend:
 A = Non-vault XP
 B = Vault XP
 C = Vault XP percentage of total XP
 D = Non-vault monster count
 E = Vault monster count
 F = Vault count percentage of total count
                 A         B        C        D         E       F
            +---------+---------+-------+---------+---------+-------
      Total |       8 |       2 |  20.0 |       3 |       1 |  25.0
            +---------+---------+-------+---------+---------+-------
        D:1 |       8 |       2 |  20.0 |       3 |       1 |  25.0
            +---------+---------+-------+---------+---------+-------

Illustrated notes

Table legend:
 A = Kills in this place as a percentage of kills in entire the game.
 B = Kills by you in this place as a percentage of kills by you in the entire game.
 C = Kills by friends in this place as a percentage of kills by friends in the entire game.
 D = Other kills in this place as a percentage of other kills in the entire game.
 E = Experience gained in this place as a percentage of experience gained in the entire game.
 F = Experience gained in this place divided by the number of levels of this place that you have seen.
                   A       B       C       D       E      F
               +-------+-------+-------+-------+-------+----------------------
         Total | 100.0 | 100.0 |   N/A |   N/A | 100.0 |  10.0
       Dungeon | 100.0 | 100.0 |   N/A |   N/A | 100.0 |  10.0
               +-------+-------+-------+-------+-------+----------------------

Table legend: (Time is in decaauts)
 A = Elapsed time spent in this place.
 B = Non-inter-level travel time spent in this place.
 C = Inter-level travel time spent in this place.
 D = Time resting spent in this place.
 E = Time spent auto-exploring this place.
 F = Levels seen in this place.
 G = Mean time per level.
                   A        B        C        D        E       F      G
               +--------+--------+--------+--------+--------+-----+--------+
         Total |    131 |    131 |      0 |      0 |     98 |   1 |  131.0 |
       Dungeon |    131 |    131 |      0 |      0 |     98 |   1 |  131.0 |
               +--------+--------+--------+--------+--------+-----+--------+

Top non-repeatable levels by time:
     D:1: 131 daAuts
